 Dungeon Crawl Stone Soup version 0.28-a0-1567-g1695149f81 (webtiles) character file.

Game seed: 1862807874086736228

82 sbbq2022 the Stinger (level 4, -1/30 HPs)
             Began as a Demonspawn Venom Mage on Jan 19, 2022.
             Killed from afar by Jessica (2 damage)
             ... with a puff of flame
             ... on level 2 of the Dungeon.
             The game lasted 00:04:01 (3209 turns).

sbbq2022 the Stinger (Demonspawn Venom Mage)        Turns: 3209, Time: 00:04:02

Health: -1/30      AC:  8    Str:  8    XL:     4   Next: 21%
Magic:  2/7        EV: 12    Int: 19    God:
Gold:   93         SH:  0    Dex: 13    Spells: 4/8 levels left

rFire   . . .      SeeInvis .   a - +1 dagger (flame)
rCold   . . .      Faith    .   (no shield)
rNeg    . . .      Spirit   .   k - +0 robe
rPois   .          Reflect  .   (no helmet)
rElec   .          Harm     .   (no cloak)
rCorr   .          Rampage  .   (no gloves)
Will    .....                   (no boots)
Stlth   ++........              (no amulet)
HPRegen 0.10/turn               (no ring)
MPRegen 0.10/turn               (no ring)

@: lethally poisoned (-1 -> -8), sanguine armoured, very slightly contaminated
A: hooves 1, sanguine armour 1
a: no special abilities


You were on level 2 of the Dungeon.
You visited 1 branch of the dungeon, and saw 2 of its levels.

You collected 93 gold pieces.

Inventory:

Hand Weapons
 a - a +1 dagger of flaming (weapon)
Armour
 k - a +0 robe (worn)
Scrolls
 b - 2 scrolls of identify {unknown}
 c - a scroll of fear {unknown}
 d - a scroll of amnesia {unknown}
 f - a scroll of enchant armour {unknown}
 g - a scroll of blinking {unknown}
 l - 3 scrolls of teleportation {unknown}
Potions
 e - 2 potions of resistance {unknown}
 h - 2 potions of mutation {unknown}
 i - a potion of invisibility {unknown}
 j - 2 potions of curing {unknown}
 m - 2 potions of haste {unknown}
 n - a potion of attraction {unknown}


   Skills:
 + Level 0.2 Fighting
 * Level 0.8 Short Blades
 + Level 0.7 Armour
 + Level 2.0 Dodging
 + Level 1.9 Stealth
 + Level 2.5 Spellcasting
 + Level 0.3 Conjurations
 + Level 2.4 Transmutations
 + Level 0.2 Air Magic
 - Level 3.0 Poison Magic


You had 4 spell levels left.
You knew the following spells:

 Your Spells              Type           Power      Damage    Failure   Level
a - Sting                 Tmut/Pois      48%        1d5       5%          1
b - Mephitic Cloud        Conj/Pois/Air  6%         N/A       28%         3

Your spell library contained the following spells:

 Spells                   Type           Power      Damage    Failure   Level
 Poisonous Vapours        Pois/Air       16%        N/A       12%         2
 Passwall                 Tmut/Erth      5%         N/A       14%         2
 Ensorcelled Hibernation  Hex/Ice        4%         N/A       24%         2
 Swiftness                Air            3%         N/A       41%         3
 Olgreb's Toxic Radiance  Pois           13%        N/A       43%         4


Dungeon Overview and Level Annotations

Branches:
Dungeon (2/15)

Altars:

Shops:
D:1 :

Annotations:
D:2 1 runed translucent door, Crazy Yiuf, Jessica


Innate Abilities, Weirdness & Mutations

You have large cloven feet.
When seriously injured, your blood forms armour. (AC +6)


Message History

Press: ? - help, Shift-Dir - straight line, f/p - Jessica
Aim: Jessica, wielding a +3 dagger of venom, wearing a +0 robe and carrying a wand of flame (8) (71% to hit)
The sting hits Jessica.
Jessica is poisoned.
Jessica is moderately wounded.
Unknown command.
Casting: Sting (safe; 5% risk of failure)
Confirm with . or Enter, or press ? or * to list all spells.
Aiming: Sting (safe; 5% risk of failure)
Press: ? - help, Shift-Dir - straight line, f/p - Jessica
Aim: Jessica, wielding a +3 dagger of venom, wearing a +0 robe and carrying a wand of flame (8) (moderately wounded, poisoned, 71% to hit)
The sting hits Jessica.
Jessica looks even sicker.
Jessica is heavily wounded.
Jessica mumbles some strange words.
Jessica seems to speed up.
Jessica zaps a wand.
The puff of flame hits you!
Your blood congeals into armour.
Casting: Sting (safe; 5% risk of failure)
Confirm with . or Enter, or press ? or * to list all spells.
Aiming: Sting (safe; 5% risk of failure)
Press: ? - help, Shift-Dir - straight line, f/p - Jessica
Aim: Jessica, wielding a +3 dagger of venom, wearing a +0 robe and carrying a wand of flame (7) (severely wounded, fast, very poisoned, 71% to hit)
You miscast Sting.
You are very lightly contaminated with residual magic.
Nothing appears to happen.
Jessica hits you but does no damage.
You are poisoned.
Unknown command.
Unknown command.
Casting: Sting (safe; 5% risk of failure)
Confirm with . or Enter, or press ? or * to list all spells.
Aiming: Sting (safe; 5% risk of failure)
Press: ? - help, Shift-Dir - straight line, f/p - Jessica
Aim: Jessica, wielding a +3 dagger of venom, wearing a +0 robe and carrying a wand of flame (7) (almost dead, fast, very poisoned, 71% to hit)
The sting hits Jessica but does no damage.
Jessica looks even sicker.
Jessica is almost dead.
You feel very sick.
Jessica zaps a wand.
The puff of flame hits you!
* * * LOW HITPOINT WARNING * * *
Jessica zaps a wand.
The puff of flame hits you.
You die...

......# #'##
#.........# ......# .#
#.###.###.# ......# #
#.# #.# #.# #.# #.# #.#
## #.###.###.# #.>
#.........# #..
#####.#####
####..##########.#
:......@@........#
####.#############
########## ######
#...#....## ##P.PP#
#)#.#....P###PPPPP###
#.#.'.P...._P.PP.P'.#
#.###PP..P###PP.P.#.###
#.###..).## ##PPP[#...#


You could see Jessica (fast, very poisoned).

Vanquished Creatures
  3 adders (D:2)
  A worm (D:2)
  2 dart slugs (D:2)
  5 bats
  7 endoplasms
  4 goblins
  3 hobgoblins (D:2)
  3 jackals
  9 kobolds
  2 quokkas (D:1)
  A ball python (D:1)
  2 frilled lizards (D:2)
  5 rats (D:2)
47 creatures vanquished.

Notes
Turn   | Place    | Note
-------+----------+-------------------------------------------
     0 | D:1      | sbbq2022 the Demonspawn Venom Mage began the quest for the
                  | Orb.
     0 | D:1      | Reached XP level 1. HP: 13/13 MP: 3/3
    51 | D:1      | Reached skill level 1 in Transmutations
   486 | D:1      | Gained mutation: You have large cloven feet. [demonic
                  | ancestry]
   486 | D:1      | Reached XP level 2. HP: 9/19 MP: 0/5
  1207 | D:1      | Found Fudeufye's Book Shoppe.
  1555 | D:2      | Found a runed translucent door.
  1556 | D:2      | Noticed Crazy Yiuf
  1617 | D:2      | Gained mutation: When seriously injured, your blood forms
                  | armour. (AC +6) [demonic ancestry]
  1617 | D:2      | Reached XP level 3. HP: 17/24 MP: 6/6
  1621 | D:2      | Learned a level 3 spell: Mephitic Cloud
  2074 | D:2      | Found a faded altar of an unknown god.
  2777 | D:2      | Reached XP level 4. HP: 7/30 MP: 3/7
  3203 | D:2      | Noticed Jessica
  3209 | D:2      | HP: 1/30 [Jessica/puff of flame (11)]
  3209 | D:2      | Killed from afar by Jessica

Illustrated notes

Levels and vault maps discovered:
D:1:      evilmike_arrival_plus, layout_basic, serial_shops,
          nicolae_shop_statue_plus
D:2:      minmay_thinvault, layout_loops_corners,
          shapermc_ecumenical_altar_flowoftime, minivault_11,
          uniq_crazy_yiuf_cottage, uniq_jessica

Skill      XL: |  1  2  3  4 |
---------------+-------------+-----
Transmutations | 1 2 |  2.4
Dodging        | 2 |  2.0
Fighting       | |  0.2
Short Blades   | |  0.8
Armour         | |  0.7
Stealth        | |  1.9
Spellcasting   | |  2.5
Conjurations   | |  0.3
Air Magic      | |  0.2
Poison Magic   | |  3.0

Action                   |  1- 3 |  4- 6 || total
-------------------------+-------+-------++-------
Melee: Unarmed           |     9 |       ||     9
       Dagger            |    68 |     4 ||    72
       Kick              |    18 |     1 ||    19
 Cast: Sting             |    42 |    10 ||    52
 Stab: Sleeping          |     2 |       ||     2
Armor: Robe              |    22 |     1 ||    23
Dodge: Dodged            |    64 |     3 ||    67

Table legend: (Time is in decaauts)
 A = Elapsed time spent in this place.
 B = Non-inter-level travel time spent in this place.
 C = Inter-level travel time spent in this place.
 D = Time resting spent in this place.
 E = Time spent auto-exploring this place.
 F = Levels seen in this place.
 G = Mean time per level.
                   A        B        C        D        E       F      G
               +--------+--------+--------+--------+--------+-----+--------+
         Total |   3207 |   3195 |     12 |    619 |   2152 |   2 | 1603.5 |
       Dungeon |   3207 |   3195 |     12 |    619 |   2152 |   2 | 1603.5 |
               +--------+--------+--------+--------+--------+-----+--------+

Top non-repeatable levels by time:
     D:2: 1733 daAuts
     D:1: 1473 daAuts
